[Event "*** Titled Tuesday Blitz"]
[Site "Chess.com"]
[Date "2020.05.26"]
[Round "5"]
[White "Maxim_e2e4"]
[Black "BEEkhishig"]
[Result "0-1"]
[WhiteElo "2332"]
[BlackElo "2607"]
[TimeControl "180+1"]
[EndTime "10:56:31 PDT"]
[Termination "BEEkhishig won on time"]

1. e4 c6 2. d4 d5 3. exd5 cxd5 4.
Bd3 Nf6 5. c3 Nc6 6. Bf4 g6 7. Nf3 Bf5 8. O-O Bxd3 9. Qxd3 e6 10.
Nbd2 Bd6 11. Bxd6 Qxd6 12. Rfe1 Qc7 13. a4 O-O 14. Qe3 Kg7 15. Qg5 h6 16. Qe3 Rab8 17.
h3 Rfc8 18. Re2 Nd7 19. Qd3 a6 20. Rae1 b5 21. axb5 axb5 22. b4 Ne7 23. Rc1 Ra8 24.
Nb3 Ra3 25. Nc5 Qf4 26. Rce1 Nxc5 27. dxc5 Qxb4 28. Rxe6 fxe6 29. Rxe6 Qxc5 30. Ne5 Rxc3 31. Rxg6+ Kf8 32. Qe2 Qd4 33. Qh5 Qf4 0-1

[Event "*** Titled Tuesday Blitz"]
[Site "Chess.com"]
[Date "2020.05.26"]
[Round "5"]
[White "Chessialist"]
[Black "Tall-guy"]
[Result "1/2-1/2"]
[WhiteElo "2546"]
[BlackElo "2141"]
[TimeControl "180+1"]
[EndTime "10:56:31 PDT"]
[Termination "Game drawn by repetition"]

1. c4 e5 2. Nc3 Nc6 3. g3 g6 4. Bg2 Bg7 5. e3 d6 6. Nge2 Be6 7. d3 Qd7 8. Nd5 Nge7 9. Nec3 O-O 10.
O-O f5 11. Rb1 Nd8 12. b4 Nc8 13. b5 c6 14. bxc6 bxc6 15. Nb4 e4 16. Ne2 a5 17. Nc2 exd3 18. Qxd3 Qf7 19. Na3 d5 20. Nf4 dxc4 21. Qe2 Nd6 22. Nxe6 Qxe6 23. Rd1 Rc8 24. Rb6 Ne4 25.
Qxc4 Qxc4 26. Nxc4 Ne6 27. Ba3 Rfd8 28. Rxd8+ Rxd8 29. Bxe4 fxe4 30. Rxc6 Ng5 31. Rd6 Rc8 32. Nd2 Bf8 33. Rd5 Nf3+ 34. Nxf3 exf3 35. Bb2 Bg7 36. Ba3 Bf8 37. Bb2 Bg7 38. Ba3 Bf8 1/2-1/2

[Event "*** Titled Tuesday Blitz"]
[Site "Chess.com"]
[Date "2020.05.26"]
[Round "5"]
[White "PetrolulSah"]
[Black "Bacyanide"]
[Result "0-1"]
[WhiteElo "2211"]
[BlackElo "2466"]
[TimeControl "180+1"]
[EndTime "10:56:31 PDT"]
[Termination "Bacyanide won on time"]

1. d4 d5 2. c4 e6 3. Nf3 Nf6 4. g3 c5 5. Bg2 Nc6 6. O-O cxd4 7. Nxd4 Bc5 8. Nb3 Bb6 9. Bg5 dxc4 10. Qxd8+ Bxd8 11. N3d2 Na5 12. Na3 c3 13. bxc3 Bd7 14. Nb3 Bc6 15.
Nxa5 Bxg2 16. Kxg2 Bxa5 17. Nc4 Bc7 18. Rab1 Rb8 19.
Rfd1 Ke7 20. e4 h6 21. Bxf6+ gxf6 22. f4 Rhc8 23. Rd3 b5 24. Ne3 Ba5 25. c4 b4 26.
Rbd1 Rc7 27. Kf3 Bb6 28. Ng4 h5 29. Ne3 a5 30. Nc2 Bc5 31. Nd4 Bxd4 32. Rxd4 a4 33. Ke3 b3 34. axb3 Rxb3+ 35. R1d3 Rxd3+ 36. Kxd3 a3 37. Kc2 e5 38. Rd5 Rxc4+ 39. Kb3 Rxe4 40. Kxa3 Ke6 41.
Rb5 Re2 0-1

[Event "*** Titled Tuesday Blitz"]
[Site "Chess.com"]
[Date "2020.05.26"]
[Round "5"]
[White "doons21"]
[Black "dopolian"]
[Result "1-0"]
[WhiteElo "2495"]
[BlackElo "2325"]
[TimeControl "180+1"]
[EndTime "10:56:31 PDT"]
[Termination "doons21 won by resignation"]

1. e4 e5 2. Nf3 Nc6 3. Nc3 Nf6 4.
g3 Bc5 5. Bg2 O-O 6. d3 h6 7.
O-O d6 8. h3 Be6 9. Be3 Bb6 10.
d4 exd4 11. Nxd4 Nxd4 12. Bxd4 Re8 13. Re1 Nd7 14. a4 Bxd4 15. Qxd4 Qf6 16. Rad1 Qxd4 17. Rxd4 Ne5 18. f4 Nc6 19. Rd2 Rad8 20. Kf2 Kf8 21. h4 Ne7 22. Nb5 Rd7 23. b3 a6 24. Nd4 g6 25. f5 gxf5 26. exf5 Nxf5 27. Nxf5 Bxf5 28. Rxe8+ Kxe8 29. Bxb7 Re7 30. Bxa6 Kd8 31. Bb7 Re5 32. c4 Bg4 33. Bf3 Rf5 34. Rd3 Kd7 35. Kg2 h5 36.
Bxg4 hxg4 37. Rd4 Rf3 38. Rxg4 Rxb3 39. h5 Ra3 40. h6 Rxa4 41. h7 Ra2+ 42. Kh3 Ra1 43.
Rh4 Rh1+ 44. Kg4 1-0

[Event "*** Titled Tuesday Blitz"]
[Site "Chess.com"]
[Date "2020.05.26"]
[Round "5"]
[White "Alopekos"]
[Black "Ladislav1969"]
[Result "1-0"]
[WhiteElo "2514"]
[BlackElo "2320"]
[TimeControl "180+1"]
[EndTime "10:56:32 PDT"]
[Termination "Alopekos won by resignation"]

1. e4 c5 2. Nc3 Nc6 3. Nge2 e6 4. d4 cxd4 5. Nxd4 Qc7 6. Be3 Nf6 7. Be2 Bb4 8. Nb5 Qb8 9. a3 Be7 10. f4 a6 11. Nd4 d5 12. e5 Nd7 13. O-O g6 14. Kh1 Nxd4 15. Bxd4 b5 16. Bf3 b4 17.
axb4 Qxb4 18. Nxd5 exd5 19. Bxd5 Bb7 20. c3 Qb5 21. c4 Qb4 22. Ra4 Bxd5 23. Rxb4 Bxb4 24. cxd5 O-O 25. e6 fxe6 26. dxe6 Nf6 27. Qb3 Be7 28. f5 Rab8 29. Qg3 Nh5 30. Qe5 Bf6 31. Qe3 Bxd4 32. Qxd4 Rxf5 33. Rxf5 gxf5 34. e7 Ng7 35. Qd8+ Kf7 36.
Qxb8 Kxe7 37. Qb7+ Kf6 38. Qxa6+ Ne6 39. Qa1 Ke5 40.
b4+ Nd4 41. b5 Ke4 42. b6 Ne2 43. b7 Ng3+ 44. hxg3 1-0

[Event "*** Titled Tuesday Blitz"]
[Site "Chess.com"]
[Date "2020.05.26"]
[Round "5"]
[White "BIG_Pirate"]
[Black "Konovalova_Vera"]
[Result "0-1"]
[WhiteElo "2309"]
[BlackElo "2168"]
[TimeControl "180+1"]
[EndTime "10:56:32 PDT"]
[Termination "Konovalova_Vera won on time"]

1. Nf3 Nf6 2. c4 e6 3. g3 Bc5 4. Bg2 Nc6 5. O-O b6 6. d4 Be7 7.
d5 Na5 8. b3 Bb7 9. Nc3 O-O 10.
Nd4 Bc5 11. Bb2 exd5 12. cxd5 Re8 13. Qd3 Rb8 14. Rac1 Ba8 15. Nf5 Bf8 16. Nb5 c6 17. Nbd6 Bxd6 18. Nxd6 Rf8 19. e4 Nb7 20. Nf5 Nc5 21.
Qd4 d6 22. g4 h6 23. h4 Re8 24. Rfe1 Re5 25. dxc6 Bxc6 26. g5 hxg5 27. Nxd6 Re6 28. Rcd1 Qe7 29. hxg5 Nh5 30. Bf3 Rd8 31. e5 Rdxd6 32.
exd6 Rxe1+ 33. Rxe1 Qxe1+ 34. Kg2 Qe6 35. Bxc6 f6 0-1

[Event "*** Titled Tuesday Blitz"]
[Site "Chess.com"]
[Date "2020.05.26"]
[Round "5"]
[White "ChristopherYoo"]
[Black "econpower"]
[Result "0-1"]
[WhiteElo "2871"]
[BlackElo "2648"]
[TimeControl "180+1"]
[EndTime "10:56:33 PDT"]
[Termination "econpower won on time"]

1. e4 d6 2. d4 Nf6 3. Nc3 e5 4. Nf3 Nbd7 5. Rg1 g6 6. g4 Bg7 7. g5 Nh5 8. Be3 a6 9. a3 b5 10.
Qd2 Bb7 11. O-O-O Nb6 12. b3 Qe7 13. d5 Nf4 14. Ne2 Nxe2+ 15. Bxe2 Nd7 16. Qa5 Rc8 17. h4 h5 18. Ne1 c6 19. dxc6 Rxc6 20. Nd3 Rc8 21.
f3 d5 22. exd5 e4 23. fxe4 Qxe4 24. Bd2 O-O 25. Rge1 Qd4 26. Bb4 Rfe8 27. Bf1 Qa1+ 28. Kd2 Rxc2+ 29. Kxc2 Qa2+ 30. Nb2 Qxb2+ 31. Kd3 Qxb3+ 32.
Kd2 Qb2+ 33. Kd3 Ne5+ 34. Rxe5 Qxe5 35. Bc3 Qxd5+ 36. Kc2 Qa2+ 37. Kc1 Bxc3 38. Qxc3 Rc8 39. Bc4 Qxc4 40. Qxc4 Rxc4+ 41. Kb2 Rxh4 42. Rd7 Be4 43. Kc3 Bf5 44. Ra7 Ra4 45. Kd2 Rxa3 46. Ke2 h4 47.
Kf2 h3 48. Ra8+ Kg7 49. Kg1 b4 50. Re8 a5 51. Re5 b3 52. Rb5 a4 53. Kh2 Ra2+ 54.
Kg3 b2 0-1

[Event "*** Titled Tuesday Blitz"]
[Site "Chess.com"]
[Date "2020.05.26"]
[Round "5"]
[White "Goryachkina"]
[Black "Fandorine"]
[Result "0-1"]
[WhiteElo "2629"]
[BlackElo "2897"]
[TimeControl "180+1"]
[EndTime "10:56:34 PDT"]
[Termination "Fandorine won by resignation"]

1. d4 Nf6 2. c4 g6 3. Nc3 d5 4. cxd5 Nxd5 5. e4 Nxc3 6. bxc3 Bg7 7. Nf3 c5 8. Bb5+ Nd7 9. O-O O-O 10. a4 Nf6 11.
Re1 Qc7 12. Ba3 b6 13. h3 Bb7 14. Bd3 e6 15. a5 Rfd8 16. a6 Bc6 17. Qe2 Rac8 18.
Rac1 Bh6 19. Rb1 Nh5 20. g3 Bf8 21. dxc5 Nxg3 22. fxg3 Qxg3+ 23. Kh1 Qxh3+ 24. Kg1 Qg3+ 25. Kh1 bxc5 26. Bb5 Ba8 27. Qg2 Qd6 28. Ng5 h6 29. Nh3 Bg7 30. Rbc1 Qe5 31. Nf2 c4 32. Ba4 Rd2 33.
Rc2 Rxc2 34. Bxc2 Qxc3 35. Nd1 Qxe1+ 0-1

[Event "*** Titled Tuesday Blitz"]
[Site "Chess.com"]
[Date "2020.05.26"]
[Round "5"]
[White "Gentle_Emperor"]
[Black "turayev_shahruh17"]
[Result "0-1"]
[WhiteElo "2311"]
[BlackElo "2508"]
[TimeControl "180+1"]
[EndTime "10:56:34 PDT"]
[Termination "turayev_shahruh17 won by resignation"]

1. d4 d5 2. c4 e6 3. Nc3 a6 4.
cxd5 exd5 5. Nf3 c6 6. Bf4 Bd6 7. Bg3 Ne7 8. e3 O-O 9. Bd3 Bf5 10. O-O Bxg3 11. hxg3 Nd7 12. Qc2 Bxd3 13. Qxd3 Nc8 14. b4 Nd6 15. Nd2 Nb6 16. e4 dxe4 17. Ndxe4 Nxe4 18. Nxe4 Nd5 19. a3 Qc7 20. Rfd1 Rad8 21. Rac1 Qe7 22. Nc5 Ra8 23. Re1 Qc7 24. Qf5 a5 25.
Ne4 axb4 26. Ng5 Nf6 27. axb4 Qb6 28. Re4 h6 29. Nf3 Nxe4 30. Qxe4 Qxb4 31. Qg4 Rad8 32.
Rc5 Rd5 33. Rxd5 cxd5 34. Nh4 Qb1+ 35. Kh2 Qe4 36. Qh5 Qxd4 37. Nf5 Qxf2 38. Qg4 Qb2 39. Nxh6+ Kh7 40. Nf5 Qf6 41. Kg1 Ra8 42. Kh2 b5 43. Ne3 Qh6+ 44. Qh3 0-1

[Event "*** Titled Tuesday Blitz"]
[Site "Chess.com"]
[Date "2020.05.26"]
[Round "5"]
[White "hitaman"]
[Black "SGchess01"]
[Result "1-0"]
[WhiteElo "2615"]
[BlackElo "2755"]
[TimeControl "180+1"]
[EndTime "10:56:35 PDT"]
[Termination "hitaman won by resignation"]

1. e4 Nf6 2. e5 Nd5 3. d4 d6 4.
Nf3 Nb6 5. exd6 cxd6 6. c4 g6 7. Nc3 Bg7 8. a4 a5 9. Be2 O-O 10. O-O Nc6 11. Be3 Bf5 12. b3 Rc8 13. Nh4 Bd7 14. Nb5 f5 15. Nf3 h6 16. Qd2 Kh7 17. d5 Nb4 18. Rae1 Bxb5 19. axb5 Nd7 20. Nd4 Nc5 21. Ne6 Nxe6 22. dxe6 d5 23. Rd1 Qd6 24. cxd5 Rc2 25. Qe1 Bc3 26. Bd2 Rxd2 27. Rxd2 Qf4 28. d6 Bxd2 29. dxe7 Re8 30. Qd1 Rxe7 31. Bf3 b6 32. Qe2 Bc3 33. Rd1 Qe5 34. Qxe5 Bxe5 35. Re1 Bd4 36. Bc6 Nxc6 37. bxc6 Bc5 38. Rd1 Kg7 39. Rd7 Kf6 40. Rxe7 Kxe7 41. c7 1-0

[Event "*** Titled Tuesday Blitz"]
[Site "Chess.com"]
[Date "2020.05.26"]
[Round "5"]
[White "nubair1198"]
[Black "Keks2017"]
[Result "1/2-1/2"]
[WhiteElo "2714"]
[BlackElo "2550"]
[TimeControl "180+1"]
[EndTime "10:56:36 PDT"]
[Termination "Game drawn by repetition"]

1. d4 d6 2. Nf3 Nf6 3. c4 Nbd7 4. Nc3 e5 5. e4 Be7 6. Be2 O-O 7. O-O c6 8. Qc2 Qc7 9. Rd1 Re8 10. h3 Nf8 11.
Be3 Ng6 12. d5 c5 13. a3 h6 14. b4 b6 15. Rab1 Nh7 16. bxc5 bxc5 17. Qa4 Bd7 18. Qa6 Reb8 19. Nb5 Qb6 20. Qxb6 Rxb6 21. Nc3 Rab8 22.
Rxb6 Rxb6 23. Rb1 Rxb1+ 24. Nxb1 Nf4 25. Bd1 Ng5 26. Nfd2 f5 27. Nc3 fxe4 28. Ndxe4 Nxe4 29. Nxe4 Nd3 30. Bg4 Bxg4 31. hxg4 Nb2 32. Nd2 Bd8 33. Kf1 Ba5 34. Ne4 Nxc4 35. Ke2 Bc7 36. a4 Nb6 37. Nc3 a6 38. Kd3 Kf7 39. Bd2 Nd7 40. f3 Nf6 41. Kc4 Ke7 42. Ne4 Nxe4 43. fxe4 Kd7 44.
g5 h5 45. g6 Bd8 46. Be3 Bh4 47. Bd2 Bf2 48. Ba5 Be3 49. Be1 Bg5 50. Ba5 Bd8 51.
Bd2 Bh4 52. Ba5 Bd8 53. Be1 Bg5 54. Ba5 Bd8 1/2-1/2

[Event "*** Titled Tuesday Blitz"]
[Site "Chess.com"]
[Date "2020.05.26"]
[Round "5"]
[White "Volodar_Murzin"]
[Black "Chigorinetz"]
[Result "0-1"]
[WhiteElo "2704"]
[BlackElo "2521"]
[TimeControl "180+1"]
[EndTime "10:56:36 PDT"]
[Termination "Chigorinetz won on time"]

1. d4 d5 2. Nf3 Nc6 3. Bf4 Bg4 4. Nbd2 e6 5. h3 Bh5 6. e3 Bd6 7. Bxd6 cxd6 8. c4 dxc4 9. Bxc4 d5 10. Bb5 Ne7 11. O-O O-O 12. Qa4 Qb6 13. Rfc1 Rfc8 14.
Rc3 a6 15. Bxc6 Rxc6 16. Qa3 Rxc3 17. bxc3 Qc7 18. Ne5 Rc8 19. Rc1 Be2 20. Re1 Bb5 21. Rc1 f6 22. Nef3 Nf5 23. Qb2 Nd6 24. Qb4 Kf7 25. a4 Bd3 26. Ne1 Bg6 27. h4 h6 28. g3 Qc6 29. Ng2 Rc7 30. Nf4 Bh7 31.
h5 Bf5 32. f3 e5 33. dxe5 fxe5 34. Ne2 Bd7 35. Kf2 Qc5 36. Qh4 Nf5 37. Qg4 Qxe3+ 38.
Ke1 Nd4 39. Qg6+ Kg8 40. Qd3 Qxd3 0-1

[Event "*** Titled Tuesday Blitz"]
[Site "Chess.com"]
[Date "2020.05.26"]
[Round "5"]
[White "bazar-wokzal"]
[Black "platy3"]
[Result "0-1"]
[WhiteElo "2466"]
[BlackElo "2696"]
[TimeControl "180+1"]
[EndTime "10:56:36 PDT"]
[Termination "platy3 won on time"]

1. e4 c5 2. c3 Nf6 3. e5 Nd5 4.
Bc4 e6 5. d4 cxd4 6. cxd4 d6 7.
f4 dxe5 8. fxe5 Qh4+ 9. Kf1 Nc6 10. Nf3 Qd8 11. Nc3 Nb6 12. Bb3 Be7 13. Be3 Nb4 14. h4 N4d5 15. Bd2 Bd7 16. Qe2 a6 17. Kg1 Nxc3 18. bxc3 Bc6 19. Rh3 Rc8 20. Ng5 O-O 21.
Rf1 h6 22. Qh5 Qe8 23. Rxf7 Rxf7 24. Bxe6 Bd5 25. Qg6 Bxg5 26. Qxf7+ Qxf7 27. Bxf7+ Kxf7 28. hxg5 hxg5 29. Bxg5 Bxa2 30. Rf3+ Kg8 31. Rg3 Kf7 32. Rf3+ Ke8 33. Bd2 Be6 34. Rg3 Rc7 0-1

[Event "*** Titled Tuesday Blitz"]
[Site "Chess.com"]
[Date "2020.05.26"]
[Round "5"]
[White "Rodalquilar"]
[Black "gliglu"]
[Result "1-0"]
[WhiteElo "2623"]
[BlackElo "2381"]
[TimeControl "180+1"]
[EndTime "10:56:36 PDT"]
[Termination "Rodalquilar won on time"]

1. d4 g6 2. Bf4 Bg7 3. e3 d6 4. Nf3 Nf6 5. h3 O-O 6. Be2 Nc6 7. O-O Re8 8. Bh2 Bf5 9. c4 e5 10.
Nc3 Ne4 11. Nxe4 Bxe4 12. d5 Bxf3 13. Bxf3 Ne7 14. Qb3 b6 15. e4 f5 16. exf5 Nxf5 17.
Be4 Nd4 18. Qd3 Qe7 19. Kh1 Rf8 20. Bg1 Rae8 21. Rae1 Qg5 22. g3 Re7 23. f4 Qh6 24. Bg2 Nf5 25. g4 Nh4 26. fxe5 Bxe5 27. Be3 g5 28.
Rxf8+ Kxf8 29. Qd2 Nxg2 30. Kxg2 Bf6 31. Rf1 Kg7 32.
Rf5 Re5 33. Rf3 Qg6 34. Bd4 Qe4 35. Bxe5 dxe5 36. Qd3 Qe1 37. Qf1 1-0

[Event "*** Titled Tuesday Blitz"]
[Site "Chess.com"]
[Date "2020.05.26"]
[Round "5"]
[White "diablanni"]
[Black "moistketchup"]
[Result "1-0"]
[WhiteElo "2323"]
[BlackElo "2138"]
[TimeControl "180+1"]
[EndTime "10:56:36 PDT"]
[Termination "diablanni won on time"]

1. e4 g6 2. d4 Bg7 3. Nc3 d6 4. Be3 a6 5. Nf3 Nf6 6. h3 O-O 7. Bd3 b6 8. O-O Bb7 9. Re1 Nc6 10. a3 e5 11. dxe5 Nxe5 12. Nxe5 dxe5 13. Qe2 Qe7 14. Rad1 Rfd8 15. f3 h6 16. Bc4 b5 17. Ba2 c6 18.
Bb6 Rxd1 19. Rxd1 Nd7 20. Bf2 Nf8 21. Qd2 Ne6 22. Qd7 Re8 23. Bxe6 fxe6 24. Qxe7 Rxe7 25. Bc5 Rf7 26. Rd8+ Kh7 27. Kf1 g5 28. b4 Kg6 29.
Na2 Kf6 30. Nc1 h5 31. Nd3 g4 32. hxg4 hxg4 33. Bd6 gxf3 34. gxf3 Kg5 35. Kg2 Bf6 36.
Rg8+ Kh6 37. Bxe5 Kh7 38. Rg4 1-0

[Event "*** Titled Tuesday Blitz"]
[Site "Chess.com"]
[Date "2020.05.26"]
[Round "5"]
[White "aisha_zakirova"]
[Black "MiroVlasenko"]
[Result "0-1"]
[WhiteElo "1940"]
[BlackElo "2678"]
[TimeControl "180+1"]
[EndTime "10:56:37 PDT"]
[Termination "MiroVlasenko won by resignation"]

1. d4 f5 2. Nf3 Nf6 3. g3 g6 4.
Bg2 Bg7 5. O-O O-O 6. c4 d6 7. Nc3 Qe8 8. Re1 Qf7 9. d5 Ne4 10. Qc2 Nxc3 11. bxc3 h6 12. Nd4 Na6 13. Ne6 Re8 14.
e4 Bxe6 15. dxe6 Qf6 16. exf5 Nc5 17. Bd2 Qxf5 18. Qxf5 gxf5 19. Rab1 c6 20. Red1 Rab8 21. Be3 Bxc3 22. Bxc5 dxc5 23. Rd7 Bb4 24. a3 Bxa3 25. Rbxb7 Rxb7 26. Rxb7 a5 27. Bxc6 Rc8 28. Bd7 Rd8 29.
Kg2 Kg7 30. Kf3 Kf6 31. h4 Bb4 32. Ra7 Rg8 33. Bc6 Rg4 34. Bd5 Rd4 35. h5 Rd3+ 36.
Kg2 Rd2 37. Ra8 Bc3 38. Re8 a4 39. Rf8+ Ke5 40. Rf7 Kd6 41. Rh7 a3 42. Rxh6 a2 43. Rh8 Bxh8 44. h6 a1=Q 0-1

[Event "*** Titled Tuesday Blitz"]
[Site "Chess.com"]
[Date "2020.05.26"]
[Round "5"]
[White "Mikasinski"]
[Black "GMKrikor"]
[Result "1-0"]
[WhiteElo "2388"]
[BlackElo "2705"]
[TimeControl "180+1"]
[EndTime "10:56:37 PDT"]
[Termination "Mikasinski won by resignation"]

1. e4 c5 2. Nf3 g6 3. d4 cxd4 4. Nxd4 Nc6 5. Nc3 Bg7 6. Be3 Nf6 7. Bc4 O-O 8. Bb3 Re8 9. O-O d6 10. h3 Na5 11. f4 b6 12. e5 dxe5 13. fxe5 Nxb3 14.
exf6 Nxd4 15. Qxd4 exf6 16. Qxd8 Rxd8 17. Rad1 Bb7 18.
Bd4 f5 19. Bxg7 Kxg7 20. Rfe1 Bc6 21. Kf2 Kf6 22. Ne2 Rxd1 23. Rxd1 Ke7 24. Nd4 Be4 25. c3 Rd8 26. Re1 h5 27. Nc6+ Ke8 28. Nxd8 Kxd8 29.
Rd1+ Kc7 30. g3 a5 31. h4 Bc6 32. Ke3 f6 33. Rd4 Be4 34. a3 g5 35. Rc4+ Kd6 36.
Rc8 Bd5 37. Rh8 Ke5 38. hxg5 fxg5 39. Rxh5 Kf6 40. Rh6+ Ke5 41. Rxb6 f4+ 42. gxf4+ gxf4+ 43. Kf2 a4 44. Rb4 Bb3 45. Rd4 Kf5 46. Kf3 1-0

[Event "*** Titled Tuesday Blitz"]
[Site "Chess.com"]
[Date "2020.05.26"]
[Round "5"]
[White "Klaus1995"]
[Black "I_Hit_18K_on_BS"]
[Result "1-0"]
[WhiteElo "1816"]
[BlackElo "2070"]
[TimeControl "180+1"]
[EndTime "10:56:37 PDT"]
[Termination "Klaus1995 won on time"]

1. e4 c5 2. Nf3 d6 3. d4 cxd4 4.
Nxd4 Nf6 5. Nc3 a6 6. Be3 e5 7. Nb3 Be6 8. Qd2 Nbd7 9. O-O-O b5 10. f4 Ng4 11. f5 Nxe3 12. fxe6 Nxd1 13. exd7+ Qxd7 14. Qxd1 Be7 15. Be2 Bg5+ 16. Kb1 O-O 17. Nd5 Rfb8 18. h4 Bd8 19. g4 a5 20. g5 a4 21. Nd2 b4 22. Nc4 Qc6 23. Qd2 b3 24. cxb3 axb3 25. a3 Qc5 26. Nxd6 Ba5 27. Qd3 Rd8 28. Nc4 Bc7 29. Qe3 Qxe3 30. Ncxe3 Bd6 31. Nf5 g6 32. Nh6+ Kg7 33. Rf1 Ra7 34. Rxf7+ 1-0

[Event "*** Titled Tuesday Blitz"]
[Site "Chess.com"]
[Date "2020.05.26"]
[Round "5"]
[White "nurmiTV"]
[Black "TheoSlade"]
[Result "1-0"]
[WhiteElo "2504"]
[BlackElo "2340"]
[TimeControl "180+1"]
[EndTime "10:56:38 PDT"]
[Termination "nurmiTV won by checkmate"]

1. c4 e6 2. Nc3 Nf6 3. e3 d5 4. Nf3 Be7 5. b3 O-O 6. Bb2 c5 7. cxd5 Nxd5 8. Be2 Nc6 9. O-O b6 10. Qc2 Bb7 11. Rac1 Rc8 12. Rfd1 Nxc3 13. dxc3 Qc7 14. c4 Rfd8 15. Qb1 Bf8 16. Ng5 g6 17. Ne4 Bg7 18. Nf6+ Kh8 19. Qa1 Nd4 20. exd4 Bxf6 21. dxc5 Bxb2 22.
Qxb2+ Kg8 23. cxb6 axb6 24. Qf6 Ra8 25. h4 h5 26. Rc3 Rxd1+ 27. Bxd1 Rxa2 28. Rg3 Qc5 29. Rg5 Qd6 30. Bxh5 Be4 31. Rg3 Rc2 32. Bf3 Bxf3 33. Qxf3 Rc1+ 34. Kh2 Qd2 35. h5 Qe1 36. Rh3 Qg1+ 37. Kg3 Qe1 38. Kg4 Qe5 39. hxg6 fxg6 40. Qa8+ Kf7 41. Rh7+ Qg7 42. Qb7+ Kf6 43. Qxg7# 1-0

[Event "*** Titled Tuesday Blitz"]
[Site "Chess.com"]
[Date "2020.05.26"]
[Round "5"]
[White "miroslavsavic"]
[Black "Parkas"]
[Result "1-0"]
[WhiteElo "2067"]
[BlackElo "2282"]
[TimeControl "180+1"]
[EndTime "10:56:38 PDT"]
[Termination "miroslavsavic won on time"]

1. Nf3 g6 2. e4 Bg7 3. h4 d5 4.
exd5 Nf6 5. c4 Bg4 6. Nc3 O-O 7. Qb3 Nbd7 8. d4 Bxf3 9. gxf3 Nb6 10. Be3 c6 11.
dxc6 bxc6 12. O-O-O Rb8 13. Qc2 Nh5 14. f4 Qc8 15. Be2 Nf6 16. h5 Ng4 17. c5 Nd5 18.
Nxd5 cxd5 19. Bf3 Nf6 20. f5 gxf5 21. h6 Bh8 22. Rhg1+ Ng4 23. Bxd5 Rd8 24. Bc4 Kf8 25. Bd3 e6 26. Rxg4 fxg4 27. Bxh7 Qa6 28. a3 Rd5 29. Be4 Rh5 30. c6 Rc8 31. d5 f5 32. d6 fxe4 33.
d7 Rd8 34. c7 Bf6 35. c8=Q 1-0

[Event "*** Titled Tuesday Blitz"]
[Site "Chess.com"]
[Date "2020.05.26"]
[Round "5"]
[White "oykuince"]
[Black "AndrewDGreen"]
[Result "0-1"]
[WhiteElo "2020"]
[BlackElo "2297"]
[TimeControl "180+1"]
[EndTime "10:56:38 PDT"]
[Termination "AndrewDGreen won by resignation"]

1. e4 c5 2. Nf3 g6 3. d4 cxd4 4. Qxd4 Nf6 5. e5 Nc6 6. Qa4 Nd5 7. Qb3 Nc7 8. Bc4 Ne6 9. Bxe6 dxe6 10. O-O Bg7 11.
Bf4 O-O 12. Nc3 Qa5 13. Rfe1 Qb4 14. Ne4 Qxb3 15. axb3 b6 16. c3 Bb7 17. b4 Rfd8 18.
Rad1 Rxd1 19. Rxd1 Nxb4 20. cxb4 Bxe4 21. Rd7 Kf8 22. Ng5 Bd5 23. Nxh7+ Ke8 24. Rc7 a5 25. b5 Kd8 26. Rc2 Rc8 27. Rxc8+ Kxc8 28. Ng5 f6 29.
exf6 exf6 30. Nf7 e5 31. Be3 Bxf7 32. Bxb6 a4 33. Ba5 f5 34. Bc3 Kb7 35. f4 Bc4 36.
fxe5 Bxb5 37. Kf2 Kc6 38. Ke3 Kd5 39. Kf4 Bh6+ 40. Kf3 Bd3 41. g4 Be4+ 42. Kg3 f4+ 43. Kf2 f3 44. h4 Bf8 45. h5 gxh5 46. gxh5 Bc5+ 47. Kf1 f2 0-1

[Event "*** Titled Tuesday Blitz"]
[Site "Chess.com"]
[Date "2020.05.26"]
[Round "5"]
[White "LiemLe"]
[Black "jacky72"]
[Result "0-1"]
[WhiteElo "2920"]
[BlackElo "2661"]
[TimeControl "180+1"]
[EndTime "10:56:39 PDT"]
[Termination "jacky72 won on time"]

1. Nf3 Nf6 2. c4 c6 3. g3 d5 4. d4 Bg4 5. Ne5 Bf5 6. cxd5 cxd5 7. Nc3 Nc6 8. f3 e6 9. e4 dxe4 10. Bb5 Rc8 11. Bg5 Bb4 12. fxe4 Bxe4 13. O-O Bg6 14. a3 Be7 15. Qa4 O-O 16. Bxc6 bxc6 17. Nxc6 Rxc6 18. Qxc6 Qxd4+ 19. Kh1 Qg4 20. Bf4 Nd5 21. Rae1 Qh3 22. Kg1 Nxf4 23. Rxf4 Bg5 24. Rf2 h6 25. Ne4 Be7 26. Qc7 Re8 27. Nd6 Bxd6 28. Qxd6 Rc8 29. Qd7 Rc5 30. Qxa7 Rg5 31. Qe3 Rg4 32. Rf4 Rg5 33.
a4 Ra5 34. Qd2 Qh5 35. Rd4 Kh7 36. Qf2 Qc5 0-1

[Event "*** Titled Tuesday Blitz"]
[Site "Chess.com"]
[Date "2020.05.26"]
[Round "5"]
[White "ChelsieMonica"]
[Black "lolo9292"]
[Result "1-0"]
[WhiteElo "2384"]
[BlackElo "2531"]
[TimeControl "180+1"]
[EndTime "10:56:39 PDT"]
[Termination "ChelsieMonica won by checkmate"]

1. c4 Nf6 2. Nf3 g6 3. e3 Bg7 4.
Be2 O-O 5. O-O b6 6. Nc3 Bb7 7. b3 e6 8. Bb2 d6 9. Rc1 Nbd7 10. d4 h5 11. Qc2 Bh6 12. Nd2 Rc8 13. Bf3 c6 14. Ba3 Qc7 15. Nde4 Nxe4 16. Nxe4 c5 17. Nxd6 Bxf3 18. Nxc8 Ba8 19. Ne7+ Kh7 20. d5 Ne5 21. Nc6 Ng4 22. g3 Re8 23. Rcd1 exd5 24. cxd5 h4 25. Qc4 f5 26. Bc1 h3 27. Rfe1 Re4 28. Qf1 Bxc6 29. dxc6 Ne5 30. f4 Nxc6 31. Qxh3 Kg7 32. Bb2+ Kh7 33.
Rd5 Nb4 34. Rxf5 Nd3 35. Rf8 Nxb2 36. f5 Kg7 37. f6+ Kxf8 38. Qxh6+ Ke8 39. Qxg6+ Kd8 40. Qxe4 Qd7 41. Qe7+ Qxe7 42. fxe7+ Kxe7 43. Re2 Nd3 44. Rd2 Nb4 45. h4 Nc6 46. Kg2 Ne5 47. Kh3 b5 48. h5 c4 49. bxc4 bxc4 50. Rd4 c3 51. Rd5 Nf3 52. Rc5 Ng1+ 53. Kg2 Ne2 54. h6 Kf7 55. g4 Kg6 56. g5 a5 57. Kf3 Ng1+ 58.
Kg4 Ne2 59. Rc6+ Kh7 60. Rc7+ Kg6 61. Rg7# 1-0

[Event "*** Titled Tuesday Blitz"]
[Site "Chess.com"]
[Date "2020.05.26"]
[Round "5"]
[White "kuba2006"]
[Black "annamaja"]
[Result "1/2-1/2"]
[WhiteElo "2402"]
[BlackElo "2228"]
[TimeControl "180+1"]
[EndTime "10:56:39 PDT"]
[Termination "Game drawn by repetition"]

1. e4 c6 2. d4 d5 3. e5 Bf5 4.
Nf3 e6 5. a3 Ne7 6. Be2 Nd7 7.
O-O c5 8. dxc5 Nc6 9. b4 a5 10. Bb2 axb4 11. axb4 Rxa1 12. Bxa1 Nxb4 13. c4 Bxc5 14.
Nc3 dxc4 15. Bxc4 O-O 16. Qb3 Nb6 17. Na4 Bc2 18. Nxc5 Bxb3 19. Bxb3 Qe7 20. Bd4 Rd8 21. Nxe6 fxe6 22. Bxb6 Rd3 23. Bc4 Rc3 24. Bb5 Nd5 25. Bd4 Rb3 26. Bc4 Rb4 27. Bxd5 exd5 28. Rc1 Rc4 29. Ra1 h6 30. h3 Qb4 31. e6 Rxd4 32.
Nxd4 Qxd4 33. Ra8+ Kh7 34. e7 Qd1+ 35. Kh2 Qd2 36.
e8=Q Qf4+ 37. Kg1 Qc1+ 38. Kh2 Qf4+ 39. Kh1 Qc1+ 40. Kh2 Qf4+ 1/2-1/2

[Event "*** Titled Tuesday Blitz"]
[Site "Chess.com"]
[Date "2020.05.26"]
[Round "5"]
[White "mortngabriel"]
[Black "Y0ung_Capablanca"]
[Result "0-1"]
[WhiteElo "2441"]
[BlackElo "2670"]
[TimeControl "180+1"]
[EndTime "10:56:40 PDT"]
[Termination "Y0ung_Capablanca won by resignation"]

1. d4 Nf6 2. c4 e6 3. Nf3 b6 4. g3 Bb7 5. Bg2 c5 6. d5 exd5 7. cxd5 g6 8. Nc3 Bg7 9. O-O O-O 10. Bf4 d6 11. Nd2 Nh5 12. Be3 Re8 13. Nc4 Ba6 14. Qb3 Bxc4 15. Qxc4 a6 16. a4 Nd7 17. Bf3 Ne5 18. Qe4 Nf6 19. Qc2 Nxf3+ 20. exf3 Nd7 21. Rfe1 Ne5 22. Kg2 Qd7 23. Ne4 b5 24. Bh6 Qf5 25. Bxg7 Qxf3+ 26. Kg1 Kxg7 27. Nxd6 Re7 28. axb5 Qxd5 29.
Qc3 f6 30. Rxe5 Rxe5 31. Nc4 Re6 32. b6 Rae8 33. h4 Re4 34. Ne3 Qc6 35. Rxa6 R4e7 36. Ra7 Qxb6 37. Rxe7+ Rxe7 38. Nd5 Qe6 39. Nxe7 Qxe7 40.
Qc4 Qe5 41. b3 h5 42. Kg2 g5 43. Qd3 g4 44. Qc4 Qd6 45. Qe4 Qb6 46. Qd5 Kg6 47.
Kg1 Qb4 48. Kg2 Qc3 49. Kg1 Qe5 50. Qxe5 fxe5 51. f3 gxf3 52. Kf2 e4 53. Ke3 Kf5 0-1